Workbook

Sheet 使用说明
A1: 使用说明:
A3: 1.库存总表内置了100个商品，可关联100个表单，点击序号即可跳转
A5: 2.库存总表录入产品编码，名称，规格，单位，期初库存，后面数据自动更新
A7: 3.点击对应序号，进入子表，录入出入库记录
A9: 4.进销模板用于商品超出100的时候，可复制此模板，O1录入对应序号，即可自动关联

Sheet 首页
A1: 进销存台账系统表

Sheet 库存总表
A1: 进销存管理台账
R2: =TODAY() -> 43364
A3: 序号 | B3: 产品编号 | C3: 产品名称 | D3: 规格型号 | E3: 单位 | F3: 期初库存 | I3: 本期入库 | K3: 本期出库 | P3: 期末库存
F4: 数量 | G4: 单价 | H4: 金额 | I4: 数量 | J4: 金额 | K4: 数量 | L4: 销售金额 | M4: 加权平均单价 | N4: 销售成本 | O4: 销售毛利 | P4: 数量 | Q4: 单价 | R4: 金额
A5: 1 | B5: A001 | C5: iPad | D5: A | E5: 部 | F5: 200 | G5: 20 | H5: 4000 | I5: =SUM(INDIRECT("'"&库存总表!$A5&"'!D6:D10000")) -> #REF! | J5: =SUM(INDIRECT("'"&库存总表!$A5&"'!F6:F10000")) -> #REF! | K5: =SUM(INDIRECT("'"&库存总表!$A5&"'!G6:G10000")) -> #REF! | L5: =SUM(INDIRECT("'"&库存总表!$A5&"'!I6:I10000")) -> #REF! | M5: =IF((F5+I5)<>0,(H5+J5)/(F5+I5),0) -> #REF! | N5: =K5*M5 -> #REF! | O5: =L5-N5 -> #REF! | P5: =F5+I5-K5 -> #REF! | Q5: =M5 -> #REF! | R5: =P5*Q5 -> #REF!
A6: 2 | B6: A002 | C6: iPhone | D6: AA | E6: 部 | F6: 100 | G6: 25 | H6: 2500 | I6: =SUM(INDIRECT("'"&库存总表!$A6&"'!D6:D10000")) -> #REF! | J6: =SUM(INDIRECT("'"&库存总表!$A6&"'!F6:F10000")) -> #REF! | K6: =SUM(INDIRECT("'"&库存总表!$A6&"'!G6:G10000")) -> #REF! | L6: =SUM(INDIRECT("'"&库存总表!$A6&"'!I6:I10000")) -> #REF! | M6: =IF((F6+I6)<>0,(H6+J6)/(F6+I6),0) -> #REF! | N6: =K6*M6 -> #REF! | O6: =L6-N6 -> #REF! | P6: =F6+I6-K6 -> #REF! | Q6: =M6 -> #REF! | R6: =P6*Q6 -> #REF!
A7: 3 | B7: A003 | C7: iWatch | D7: B | E7: 部 | F7: 100 | G7: 30 | H7: 3000 | I7: =SUM(INDIRECT("'"&库存总表!$A7&"'!D6:D10000")) -> 0 | J7: =SUM(INDIRECT("'"&库存总表!$A7&"'!F6:F10000")) -> 0 | K7: =SUM(INDIRECT("'"&库存总表!$A7&"'!G6:G10000")) -> 0 | L7: =SUM(INDIRECT("'"&库存总表!$A7&"'!I6:I10000")) -> 0 | M7: =IF((F7+I7)<>0,(H7+J7)/(F7+I7),0) -> 30 | N7: =K7*M7 -> 0 | O7: =L7-N7 -> 0 | P7: =F7+I7-K7 -> 100 | Q7: =M7 -> 30 | R7: =P7*Q7 -> 3000
A8: 4 | B8: A004 | C8: Mac | D8: BB | E8: 部 | F8: 220 | G8: 35 | H8: 7700 | I8: =SUM(INDIRECT("'"&库存总表!$A8&"'!D6:D10000")) -> 0 | J8: =SUM(INDIRECT("'"&库存总表!$A8&"'!F6:F10000")) -> 0 | K8: =SUM(INDIRECT("'"&库存总表!$A8&"'!G6:G10000")) -> 0 | L8: =SUM(INDIRECT("'"&库存总表!$A8&"'!I6:I10000")) -> 0 | M8: =IF((F8+I8)<>0,(H8+J8)/(F8+I8),0) -> 35 | N8: =K8*M8 -> 0 | O8: =L8-N8 -> 0 | P8: =F8+I8-K8 -> 220 | Q8: =M8 -> 35 | R8: =P8*Q8 -> 7700
A9: 5 | B9: A005 | C9: 三星 | D9: C | E9: 部 | F9: 150 | G9: 40 | H9: 6000 | I9: =SUM(INDIRECT("'"&库存总表!$A9&"'!D6:D10000")) -> 0 | J9: =SUM(INDIRECT("'"&库存总表!$A9&"'!F6:F10000")) -> 0 | K9: =SUM(INDIRECT("'"&库存总表!$A9&"'!G6:G10000")) -> 0 | L9: =SUM(INDIRECT("'"&库存总表!$A9&"'!I6:I10000")) -> 0 | M9: =IF((F9+I9)<>0,(H9+J9)/(F9+I9),0) -> 40 | N9: =K9*M9 -> 0 | O9: =L9-N9 -> 0 | P9: =F9+I9-K9 -> 150 | Q9: =M9 -> 40 | R9: =P9*Q9 -> 6000
A10: 6 | B10: A006 | C10: 红米 | D10: CC | E10: 部 | F10: 300 | G10: 50 | H10: 15000 | I10: =SUM(INDIRECT("'"&库存总表!$A10&"'!D6:D10000")) -> 0 | J10: =SUM(INDIRECT("'"&库存总表!$A10&"'!F6:F10000")) -> 0 | K10: =SUM(INDIRECT("'"&库存总表!$A10&"'!G6:G10000")) -> 0 | L10: =SUM(INDIRECT("'"&库存总表!$A10&"'!I6:I10000")) -> 0 | M10: =IF((F10+I10)<>0,(H10+J10)/(F10+I10),0) -> 50 | N10: =K10*M10 -> 0 | O10: =L10-N10 -> 0 | P10: =F10+I10-K10 -> 300 | Q10: =M10 -> 50 | R10: =P10*Q10 -> 15000
A11: 7 | B11: A007 | I11: =SUM(INDIRECT("'"&库存总表!$A11&"'!D6:D10000")) -> 0 | J11: =SUM(INDIRECT("'"&库存总表!$A11&"'!F6:F10000")) -> 0 | K11: =SUM(INDIRECT("'"&库存总表!$A11&"'!G6:G10000")) -> 0 | L11: =SUM(INDIRECT("'"&库存总表!$A11&"'!I6:I10000")) -> 0 | M11: =IF((F11+I11)<>0,(H11+J11)/(F11+I11),0) -> 0 | N11: =K11*M11 -> 0 | O11: =L11-N11 -> 0 | P11: =F11+I11-K11 -> 0 | Q11: =M11 -> 0 | R11: =P11*Q11 -> 0
A12: 8 | B12: A008 | I12: =SUM(INDIRECT("'"&库存总表!$A12&"'!D6:D10000")) -> 0 | J12: =SUM(INDIRECT("'"&库存总表!$A12&"'!F6:F10000")) -> 0 | K12: =SUM(INDIRECT("'"&库存总表!$A12&"'!G6:G10000")) -> 0 | L12: =SUM(INDIRECT("'"&库存总表!$A12&"'!I6:I10000")) -> 0 | M12: =IF((F12+I12)<>0,(H12+J12)/(F12+I12),0) -> 0 | N12: =K12*M12 -> 0 | O12: =L12-N12 -> 0 | P12: =F12+I12-K12 -> 0 | Q12: =M12 -> 0 | R12: =P12*Q12 -> 0
A13: 9 | B13: A009 | I13: =SUM(INDIRECT("'"&库存总表!$A13&"'!D6:D10000")) -> 0 | J13: =SUM(INDIRECT("'"&库存总表!$A13&"'!F6:F10000")) -> 0 | K13: =SUM(INDIRECT("'"&库存总表!$A13&"'!G6:G10000")) -> 0 | L13: =SUM(INDIRECT("'"&库存总表!$A13&"'!I6:I10000")) -> 0 | M13: =IF((F13+I13)<>0,(H13+J13)/(F13+I13),0) -> 0 | N13: =K13*M13 -> 0 | O13: =L13-N13 -> 0 | P13: =F13+I13-K13 -> 0 | Q13: =M13 -> 0 | R13: =P13*Q13 -> 0
A14: 10 | B14: A010 | I14: =SUM(INDIRECT("'"&库存总表!$A14&"'!D6:D10000")) -> 0 | J14: =SUM(INDIRECT("'"&库存总表!$A14&"'!F6:F10000")) -> 0 | K14: =SUM(INDIRECT("'"&库存总表!$A14&"'!G6:G10000")) -> 0 | L14: =SUM(INDIRECT("'"&库存总表!$A14&"'!I6:I10000")) -> 0 | M14: =IF((F14+I14)<>0,(H14+J14)/(F14+I14),0) -> 0 | N14: =K14*M14 -> 0 | O14: =L14-N14 -> 0 | P14: =F14+I14-K14 -> 0 | Q14: =M14 -> 0 | R14: =P14*Q14 -> 0
A15: 11 | B15: A011 | I15: =SUM(INDIRECT("'"&库存总表!$A15&"'!D6:D10000")) -> 0 | J15: =SUM(INDIRECT("'"&库存总表!$A15&"'!F6:F10000")) -> 0 | K15: =SUM(INDIRECT("'"&库存总表!$A15&"'!G6:G10000")) -> 0 | L15: =SUM(INDIRECT("'"&库存总表!$A15&"'!I6:I10000")) -> 0 | M15: =IF((F15+I15)<>0,(H15+J15)/(F15+I15),0) -> 0 | N15: =K15*M15 -> 0 | O15: =L15-N15 -> 0 | P15: =F15+I15-K15 -> 0 | Q15: =M15 -> 0 | R15: =P15*Q15 -> 0
A16: 12 | B16: A012 | I16: =SUM(INDIRECT("'"&库存总表!$A16&"'!D6:D10000")) -> 0 | J16: =SUM(INDIRECT("'"&库存总表!$A16&"'!F6:F10000")) -> 0 | K16: =SUM(INDIRECT("'"&库存总表!$A16&"'!G6:G10000")) -> 0 | L16: =SUM(INDIRECT("'"&库存总表!$A16&"'!I6:I10000")) -> 0 | M16: =IF((F16+I16)<>0,(H16+J16)/(F16+I16),0) -> 0 | N16: =K16*M16 -> 0 | O16: =L16-N16 -> 0 | P16: =F16+I16-K16 -> 0 | Q16: =M16 -> 0 | R16: =P16*Q16 -> 0
A17: 13 | B17: A013 | I17: =SUM(INDIRECT("'"&库存总表!$A17&"'!D6:D10000")) -> 0 | J17: =SUM(INDIRECT("'"&库存总表!$A17&"'!F6:F10000")) -> 0 | K17: =SUM(INDIRECT("'"&库存总表!$A17&"'!G6:G10000")) -> 0 | L17: =SUM(INDIRECT("'"&库存总表!$A17&"'!I6:I10000")) -> 0 | M17: =IF((F17+I17)<>0,(H17+J17)/(F17+I17),0) -> 0 | N17: =K17*M17 -> 0 | O17: =L17-N17 -> 0 | P17: =F17+I17-K17 -> 0 | Q17: =M17 -> 0 | R17: =P17*Q17 -> 0
A18: 14 | B18: A014 | I18: =SUM(INDIRECT("'"&库存总表!$A18&"'!D6:D10000")) -> 0 | J18: =SUM(INDIRECT("'"&库存总表!$A18&"'!F6:F10000")) -> 0 | K18: =SUM(INDIRECT("'"&库存总表!$A18&"'!G6:G10000")) -> 0 | L18: =SUM(INDIRECT("'"&库存总表!$A18&"'!I6:I10000")) -> 0 | M18: =IF((F18+I18)<>0,(H18+J18)/(F18+I18),0) -> 0 | N18: =K18*M18 -> 0 | O18: =L18-N18 -> 0 | P18: =F18+I18-K18 -> 0 | Q18: =M18 -> 0 | R18: =P18*Q18 -> 0
A19: 15 | B19: A015 | I19: =SUM(INDIRECT("'"&库存总表!$A19&"'!D6:D10000")) -> 0 | J19: =SUM(INDIRECT("'"&库存总表!$A19&"'!F6:F10000")) -> 0 | K19: =SUM(INDIRECT("'"&库存总表!$A19&"'!G6:G10000")) -> 0 | L19: =SUM(INDIRECT("'"&库存总表!$A19&"'!I6:I10000")) -> 0 | M19: =IF((F19+I19)<>0,(H19+J19)/(F19+I19),0) -> 0 | N19: =K19*M19 -> 0 | O19: =L19-N19 -> 0 | P19: =F19+I19-K19 -> 0 | Q19: =M19 -> 0 | R19: =P19*Q19 -> 0
A20: 16 | B20: A016 | I20: =SUM(INDIRECT("'"&库存总表!$A20&"'!D6:D10000")) -> 0 | J20: =SUM(INDIRECT("'"&库存总表!$A20&"'!F6:F10000")) -> 0 | K20: =SUM(INDIRECT("'"&库存总表!$A20&"'!G6:G10000")) -> 0 | L20: =SUM(INDIRECT("'"&库存总表!$A20&"'!I6:I10000")) -> 0 | M20: =IF((F20+I20)<>0,(H20+J20)/(F20+I20),0) -> 0 | N20: =K20*M20 -> 0 | O20: =L20-N20 -> 0 | P20: =F20+I20-K20 -> 0 | Q20: =M20 -> 0 | R20: =P20*Q20 -> 0
A21: 17 | B21: A017 | I21: =SUM(INDIRECT("'"&库存总表!$A21&"'!D6:D10000")) -> 0 | J21: =SUM(INDIRECT("'"&库存总表!$A21&"'!F6:F10000")) -> 0 | K21: =SUM(INDIRECT("'"&库存总表!$A21&"'!G6:G10000")) -> 0 | L21: =SUM(INDIRECT("'"&库存总表!$A21&"'!I6:I10000")) -> 0 | M21: =IF((F21+I21)<>0,(H21+J21)/(F21+I21),0) -> 0 | N21: =K21*M21 -> 0 | O21: =L21-N21 -> 0 | P21: =F21+I21-K21 -> 0 | Q21: =M21 -> 0 | R21: =P21*Q21 -> 0
A22: 18 | B22: A018 | I22: =SUM(INDIRECT("'"&库存总表!$A22&"'!D6:D10000")) -> 0 | J22: =SUM(INDIRECT("'"&库存总表!$A22&"'!F6:F10000")) -> 0 | K22: =SUM(INDIRECT("'"&库存总表!$A22&"'!G6:G10000")) -> 0 | L22: =SUM(INDIRECT("'"&库存总表!$A22&"'!I6:I10000")) -> 0 | M22: =IF((F22+I22)<>0,(H22+J22)/(F22+I22),0) -> 0 | N22: =K22*M22 -> 0 | O22: =L22-N22 -> 0 | P22: =F22+I22-K22 -> 0 | Q22: =M22 -> 0 | R22: =P22*Q22 -> 0
... A25: 21 | B25: A021 | I25: =SUM(INDIRECT("'"&库存总表!$A25&"'!D6:D10000")) -> 0 | J25: =SUM(INDIRECT("'"&库存总表!$A25&"'!F6:F10000")) -> 0 | K25: =SUM(INDIRECT("'"&库存总表!$A25&"'!G6:G10000")) -> 0 | L25: =SUM(INDIRECT("'"&库存总表!$A25&"'!I6:I10000")) -> 0 | M25: =IF((F25+I25)<>0,(H25+J25)/(F25+I25),0) -> 0 | N25: =K25*M25 -> 0 | O25: =L25-N25 -> 0 | P25: =F25+I25-K25 -> 0 | Q25: =M25 -> 0 | R25: =P25*Q25 -> 0
A26: 22 | I26: =SUM(INDIRECT("'"&库存总表!$A26&"'!D6:D10000")) -> 0 | J26: =SUM(INDIRECT("'"&库存总表!$A26&"'!F6:F10000")) -> 0 | K26: =SUM(INDIRECT("'"&库存总表!$A26&"'!G6:G10000")) -> 0 | L26: =SUM(INDIRECT("'"&库存总表!$A26&"'!I6:I10000")) -> 0 | M26: =IF((F26+I26)<>0,(H26+J26)/(F26+I26),0) -> 0 | N26: =K26*M26 -> 0 | O26: =L26-N26 -> 0 | P26: =F26+I26-K26 -> 0 | Q26: =M26 -> 0 | R26: =P26*Q26 -> 0
A27: 23 | I27: =SUM(INDIRECT("'"&库存总表!$A27&"'!D6:D10000")) -> 0 | J27: =SUM(INDIRECT("'"&库存总表!$A27&"'!F6:F10000")) -> 0 | K27: =SUM(INDIRECT("'"&库存总表!$A27&"'!G6:G10000")) -> 0 | L27: =SUM(INDIRECT("'"&库存总表!$A27&"'!I6:I10000")) -> 0 | M27: =IF((F27+I27)<>0,(H27+J27)/(F27+I27),0) -> 0 | N27: =K27*M27 -> 0 | O27: =L27-N27 -> 0 | P27: =F27+I27-K27 -> 0 | Q27: =M27 -> 0 | R27: =P27*Q27 -> 0
A28: 24 | I28: =SUM(INDIRECT("'"&库存总表!$A28&"'!D6:D10000")) -> 0 | J28: =SUM(INDIRECT("'"&库存总表!$A28&"'!F6:F10000")) -> 0 | K28: =SUM(INDIRECT("'"&库存总表!$A28&"'!G6:G10000")) -> 0 | L28: =SUM(INDIRECT("'"&库存总表!$A28&"'!I6:I10000")) -> 0 | M28: =IF((F28+I28)<>0,(H28+J28)/(F28+I28),0) -> 0 | N28: =K28*M28 -> 0 | O28: =L28-N28 -> 0 | P28: =F28+I28-K28 -> 0 | Q28: =M28 -> 0 | R28: =P28*Q28 -> 0
A29: 25 | I29: =SUM(INDIRECT("'"&库存总表!$A29&"'!D6:D10000")) -> 0 | J29: =SUM(INDIRECT("'"&库存总表!$A29&"'!F6:F10000")) -> 0 | K29: =SUM(INDIRECT("'"&库存总表!$A29&"'!G6:G10000")) -> 0 | L29: =SUM(INDIRECT("'"&库存总表!$A29&"'!I6:I10000")) -> 0 | M29: =IF((F29+I29)<>0,(H29+J29)/(F29+I29),0) -> 0 | N29: =K29*M29 -> 0 | O29: =L29-N29 -> 0 | P29: =F29+I29-K29 -> 0 | Q29: =M29 -> 0 | R29: =P29*Q29 -> 0
A30: 26 | I30: =SUM(INDIRECT("'"&库存总表!$A30&"'!D6:D10000")) -> 0 | J30: =SUM(INDIRECT("'"&库存总表!$A30&"'!F6:F10000")) -> 0 | K30: =SUM(INDIRECT("'"&库存总表!$A30&"'!G6:G10000")) -> 0 | L30: =SUM(INDIRECT("'"&库存总表!$A30&"'!I6:I10000")) -> 0 | M30: =IF((F30+I30)<>0,(H30+J30)/(F30+I30),0) -> 0 | N30: =K30*M30 -> 0 | O30: =L30-N30 -> 0 | P30: =F30+I30-K30 -> 0 | Q30: =M30 -> 0 | R30: =P30*Q30 -> 0
A31: 27 | I31: =SUM(INDIRECT("'"&库存总表!$A31&"'!D6:D10000")) -> 0 | J31: =SUM(INDIRECT("'"&库存总表!$A31&"'!F6:F10000")) -> 0 | K31: =SUM(INDIRECT("'"&库存总表!$A31&"'!G6:G10000")) -> 0 | L31: =SUM(INDIRECT("'"&库存总表!$A31&"'!I6:I10000")) -> 0 | M31: =IF((F31+I31)<>0,(H31+J31)/(F31+I31),0) -> 0 | N31: =K31*M31 -> 0 | O31: =L31-N31 -> 0 | P31: =F31+I31-K31 -> 0 | Q31: =M31 -> 0 | R31: =P31*Q31 -> 0
A32: 28 | I32: =SUM(INDIRECT("'"&库存总表!$A32&"'!D6:D10000")) -> 0 | J32: =SUM(INDIRECT("'"&库存总表!$A32&"'!F6:F10000")) -> 0 | K32: =SUM(INDIRECT("'"&库存总表!$A32&"'!G6:G10000")) -> 0 | L32: =SUM(INDIRECT("'"&库存总表!$A32&"'!I6:I10000")) -> 0 | M32: =IF((F32+I32)<>0,(H32+J32)/(F32+I32),0) -> 0 | N32: =K32*M32 -> 0 | O32: =L32-N32 -> 0 | P32: =F32+I32-K32 -> 0 | Q32: =M32 -> 0 | R32: =P32*Q32 -> 0
A33: 29 | I33: =SUM(INDIRECT("'"&库存总表!$A33&"'!D6:D10000")) -> 0 | J33: =SUM(INDIRECT("'"&库存总表!$A33&"'!F6:F10000")) -> 0 | K33: =SUM(INDIRECT("'"&库存总表!$A33&"'!G6:G10000")) -> 0 | L33: =SUM(INDIRECT("'"&库存总表!$A33&"'!I6:I10000")) -> 0 | M33: =IF((F33+I33)<>0,(H33+J33)/(F33+I33),0) -> 0 | N33: =K33*M33 -> 0 | O33: =L33-N33 -> 0 | P33: =F33+I33-K33 -> 0 | Q33: =M33 -> 0 | R33: =P33*Q33 -> 0
A34: 30 | I34: =SUM(INDIRECT("'"&库存总表!$A34&"'!D6:D10000")) -> 0 | J34: =SUM(INDIRECT("'"&库存总表!$A34&"'!F6:F10000")) -> 0 | K34: =SUM(INDIRECT("'"&库存总表!$A34&"'!G6:G10000")) -> 0 | L34: =SUM(INDIRECT("'"&库存总表!$A34&"'!I6:I10000")) -> 0 | M34: =IF((F34+I34)<>0,(H34+J34)/(F34+I34),0) -> 0 | N34: =K34*M34 -> 0 | O34: =L34-N34 -> 0 | P34: =F34+I34-K34 -> 0 | Q34: =M34 -> 0 | R34: =P34*Q34 -> 0
A35: 31 | I35: =SUM(INDIRECT("'"&库存总表!$A35&"'!D6:D10000")) -> 0 | J35: =SUM(INDIRECT("'"&库存总表!$A35&"'!F6:F10000")) -> 0 | K35: =SUM(INDIRECT("'"&库存总表!$A35&"'!G6:G10000")) -> 0 | L35: =SUM(INDIRECT("'"&库存总表!$A35&"'!I6:I10000")) -> 0 | M35: =IF((F35+I35)<>0,(H35+J35)/(F35+I35),0) -> 0 | N35: =K35*M35 -> 0 | O35: =L35-N35 -> 0 | P35: =F35+I35-K35 -> 0 | Q35: =M35 -> 0 | R35: =P35*Q35 -> 0
A36: 32 | I36: =SUM(INDIRECT("'"&库存总表!$A36&"'!D6:D10000")) -> 0 | J36: =SUM(INDIRECT("'"&库存总表!$A36&"'!F6:F10000")) -> 0 | K36: =SUM(INDIRECT("'"&库存总表!$A36&"'!G6:G10000")) -> 0 | L36: =SUM(INDIRECT("'"&库存总表!$A36&"'!I6:I10000")) -> 0 | M36: =IF((F36+I36)<>0,(H36+J36)/(F36+I36),0) -> 0 | N36: =K36*M36 -> 0 | O36: =L36-N36 -> 0 | P36: =F36+I36-K36 -> 0 | Q36: =M36 -> 0 | R36: =P36*Q36 -> 0
A37: 33 | I37: =SUM(INDIRECT("'"&库存总表!$A37&"'!D6:D10000")) -> 0 | J37: =SUM(INDIRECT("'"&库存总表!$A37&"'!F6:F10000")) -> 0 | K37: =SUM(INDIRECT("'"&库存总表!$A37&"'!G6:G10000")) -> 0 | L37: =SUM(INDIRECT("'"&库存总表!$A37&"'!I6:I10000")) -> 0 | M37: =IF((F37+I37)<>0,(H37+J37)/(F37+I37),0) -> 0 | N37: =K37*M37 -> 0 | O37: =L37-N37 -> 0 | P37: =F37+I37-K37 -> 0 | Q37: =M37 -> 0 | R37: =P37*Q37 -> 0
... A104: 100 | I104: =SUM(INDIRECT("'"&库存总表!$A104&"'!D6:D10000")) -> 0 | J104: =SUM(INDIRECT("'"&库存总表!$A104&"'!F6:F10000")) -> 0 | K104: =SUM(INDIRECT("'"&库存总表!$A104&"'!G6:G10000")) -> 0 | L104: =SUM(INDIRECT("'"&库存总表!$A104&"'!I6:I10000")) -> 0 | M104: =IF((F104+I104)<>0,(H104+J104)/(F104+I104),0) -> 0 | N104: =K104*M104 -> 0 | O104: =L104-N104 -> 0 | P104: =F104+I104-K104 -> 0 | Q104: =M104 -> 0 | R104: =P104*Q104 -> 0

Sheet 进销模板
A1: 进销明细记录 | O1: 1
A2: 产品编码： | B2: =VLOOKUP(O1,库存总表!$A:$E,2,0) -> A001 | C2: 产品名称： | D2: =VLOOKUP(O1,库存总表!$A:$E,3,0) -> iPad | E2: 规格型号： | F2: =VLOOKUP(O1,库存总表!$A:$E,4,0) -> A | K2: 43190
A4: 日期 | B4: 单号 | C4: 往来单位 | D4: 本期入库 | G4: 本期出库 | J4: 经办人 | K4: 备注
D5: 数量 | E5: 单价 | F5: 金额 | G5: 数量 | H5: 单价 | I5: 金额

Sheet 进销明细记录
A1: 进销明细记录 | O1: 1
A2: 产品编码： | B2: =VLOOKUP(O1,库存总表!$A:$E,2,0) -> A001 | C2: 产品名称： | D2: =VLOOKUP(O1,库存总表!$A:$E,3,0) -> iPad | E2: 规格型号： | F2: =VLOOKUP(O1,库存总表!$A:$E,4,0) -> A | K2: 43190
A4: 日期 | B4: 单号 | C4: 往来单位 | D4: 本期入库 | G4: 本期出库 | J4: 经办人 | K4: 备注
D5: 数量 | E5: 单价 | F5: 金额 | G5: 数量 | H5: 单价 | I5: 金额
A6: 43160 | B6: 00001 | C6: 供应商1 | D6: 100 | E6: 21 | F6: 2100 | J6: 张三
A7: 43160 | B7: 00002 | C7: 供应商1 | G7: 50 | H7: 25 | I7: =G7*H7 -> 1250 | J7: 张三

Sheet 进销明细记录2
A1: 进销明细记录 | O1: 2
A2: 产品编码： | B2: =VLOOKUP(O1,库存总表!$A:$E,2,0) -> A002 | C2: 产品名称： | D2: =VLOOKUP(O1,库存总表!$A:$E,3,0) -> iPhone | E2: 规格型号： | F2: =VLOOKUP(O1,库存总表!$A:$E,4,0) -> AA | K2: 43190
A4: 日期 | B4: 单号 | C4: 往来单位 | D4: 本期入库 | G4: 本期出库 | J4: 经办人 | K4: 备注
D5: 数量 | E5: 单价 | F5: 金额 | G5: 数量 | H5: 单价 | I5: 金额
A6: 43160 | B6: 00001 | C6: 供应商1 | D6: 100 | E6: 21 | F6: 2100 | J6: 张三
A7: 43160 | B7: 00002 | C7: 供应商1 | G7: 50 | H7: 25 | I7: =G7*H7 -> 1250 | J7: 张三

Sheet 3
A1: 进销明细记录 | O1: 3
A2: 产品编码： | B2: =VLOOKUP(O1,库存总表!$A:$E,2,0) -> A003 | C2: 产品名称： | D2: =VLOOKUP(O1,库存总表!$A:$E,3,0) -> iWatch | E2: 规格型号： | F2: =VLOOKUP(O1,库存总表!$A:$E,4,0) -> B | K2: 43190
A4: 日期 | B4: 单号 | C4: 往来单位 | D4: 本期入库 | G4: 本期出库 | J4: 经办人 | K4: 备注
D5: 数量 | E5: 单价 | F5: 金额 | G5: 数量 | H5: 单价 | I5: 金额

Sheet 4
A1: 进销明细记录 | O1: 4
A2: 产品编码： | B2: =VLOOKUP(O1,库存总表!$A:$E,2,0) -> A004 | C2: 产品名称： | D2: =VLOOKUP(O1,库存总表!$A:$E,3,0) -> Mac | E2: 规格型号： | F2: =VLOOKUP(O1,库存总表!$A:$E,4,0) -> BB | K2: 43190
A4: 日期 | B4: 单号 | C4: 往来单位 | D4: 本期入库 | G4: 本期出库 | J4: 经办人 | K4: 备注
D5: 数量 | E5: 单价 | F5: 金额 | G5: 数量 | H5: 单价 | I5: 金额

Sheet 5
A1: 进销明细记录 | O1: 5
A2: 产品编码： | B2: =VLOOKUP(O1,库存总表!$A:$E,2,0) -> A005 | C2: 产品名称： | D2: =VLOOKUP(O1,库存总表!$A:$E,3,0) -> 三星 | E2: 规格型号： | F2: =VLOOKUP(O1,库存总表!$A:$E,4,0) -> C | K2: 43190
A4: 日期 | B4: 单号 | C4: 往来单位 | D4: 本期入库 | G4: 本期出库 | J4: 经办人 | K4: 备注
D5: 数量 | E5: 单价 | F5: 金额 | G5: 数量 | H5: 单价 | I5: 金额

Sheet 6
A1: 进销明细记录 | O1: 6
A2: 产品编码： | B2: =VLOOKUP(O1,库存总表!$A:$E,2,0) -> A006 | C2: 产品名称： | D2: =VLOOKUP(O1,库存总表!$A:$E,3,0) -> 红米 | E2: 规格型号： | F2: =VLOOKUP(O1,库存总表!$A:$E,4,0) -> CC | K2: 43190
A4: 日期 | B4: 单号 | C4: 往来单位 | D4: 本期入库 | G4: 本期出库 | J4: 经办人 | K4: 备注
D5: 数量 | E5: 单价 | F5: 金额 | G5: 数量 | H5: 单价 | I5: 金额

Sheet 7
A1: 进销明细记录 | O1: 7
A2: 产品编码： | B2: =VLOOKUP(O1,库存总表!$A:$E,2,0) -> A007 | C2: 产品名称： | D2: =VLOOKUP(O1,库存总表!$A:$E,3,0) -> 0 | E2: 规格型号： | F2: =VLOOKUP(O1,库存总表!$A:$E,4,0) -> 0 | K2: 43190
A4: 日期 | B4: 单号 | C4: 往来单位 | D4: 本期入库 | G4: 本期出库 | J4: 经办人 | K4: 备注
D5: 数量 | E5: 单价 | F5: 金额 | G5: 数量 | H5: 单价 | I5: 金额

Sheet 8
A1: 进销明细记录 | O1: 8
A2: 产品编码： | B2: =VLOOKUP(O1,库存总表!$A:$E,2,0) -> A008 | C2: 产品名称： | D2: =VLOOKUP(O1,库存总表!$A:$E,3,0) -> 0 | E2: 规格型号： | F2: =VLOOKUP(O1,库存总表!$A:$E,4,0) -> 0 | K2: 43190
A4: 日期 | B4: 单号 | C4: 往来单位 | D4: 本期入库 | G4: 本期出库 | J4: 经办人 | K4: 备注
D5: 数量 | E5: 单价 | F5: 金额 | G5: 数量 | H5: 单价 | I5: 金额

Sheet 9
A1: 进销明细记录 | O1: 9
A2: 产品编码： | B2: =VLOOKUP(O1,库存总表!$A:$E,2,0) -> A009 | C2: 产品名称： | D2: =VLOOKUP(O1,库存总表!$A:$E,3,0) -> 0 | E2: 规格型号： | F2: =VLOOKUP(O1,库存总表!$A:$E,4,0) -> 0 | K2: 43190
A4: 日期 | B4: 单号 | C4: 往来单位 | D4: 本期入库 | G4: 本期出库 | J4: 经办人 | K4: 备注
D5: 数量 | E5: 单价 | F5: 金额 | G5: 数量 | H5: 单价 | I5: 金额

Sheet 10
A1: 进销明细记录 | O1: 10
A2: 产品编码： | B2: =VLOOKUP(O1,库存总表!$A:$E,2,0) -> A010 | C2: 产品名称： | D2: =VLOOKUP(O1,库存总表!$A:$E,3,0) -> 0 | E2: 规格型号： | F2: =VLOOKUP(O1,库存总表!$A:$E,4,0) -> 0 | K2: 43190
A4: 日期 | B4: 单号 | C4: 往来单位 | D4: 本期入库 | G4: 本期出库 | J4: 经办人 | K4: 备注
D5: 数量 | E5: 单价 | F5: 金额 | G5: 数量 | H5: 单价 | I5: 金额

Sheet 11
A1: 进销明细记录 | O1: 11
A2: 产品编码： | B2: =VLOOKUP(O1,库存总表!$A:$E,2,0) -> A011 | C2: 产品名称： | D2: =VLOOKUP(O1,库存总表!$A:$E,3,0) -> 0 | E2: 规格型号： | F2: =VLOOKUP(O1,库存总表!$A:$E,4,0) -> 0 | K2: 43190
A4: 日期 | B4: 单号 | C4: 往来单位 | D4: 本期入库 | G4: 本期出库 | J4: 经办人 | K4: 备注
D5: 数量 | E5: 单价 | F5: 金额 | G5: 数量 | H5: 单价 | I5: 金额

Sheet 12
A1: 进销明细记录 | O1: 12
A2: 产品编码： | B2: =VLOOKUP(O1,库存总表!$A:$E,2,0) -> A012 | C2: 产品名称： | D2: =VLOOKUP(O1,库存总表!$A:$E,3,0) -> 0 | E2: 规格型号： | F2: =VLOOKUP(O1,库存总表!$A:$E,4,0) -> 0 | K2: 43190
A4: 日期 | B4: 单号 | C4: 往来单位 | D4: 本期入库 | G4: 本期出库 | J4: 经办人 | K4: 备注
D5: 数量 | E5: 单价 | F5: 金额 | G5: 数量 | H5: 单价 | I5: 金额

Sheet 13
A1: 进销明细记录 | O1: 13
A2: 产品编码： | B2: =VLOOKUP(O1,库存总表!$A:$E,2,0) -> A013 | C2: 产品名称： | D2: =VLOOKUP(O1,库存总表!$A:$E,3,0) -> 0 | E2: 规格型号： | F2: =VLOOKUP(O1,库存总表!$A:$E,4,0) -> 0 | K2: 43190
A4: 日期 | B4: 单号 | C4: 往来单位 | D4: 本期入库 | G4: 本期出库 | J4: 经办人 | K4: 备注
D5: 数量 | E5: 单价 | F5: 金额 | G5: 数量 | H5: 单价 | I5: 金额

Sheet 14
A1: 进销明细记录 | O1: 14
A2: 产品编码： | B2: =VLOOKUP(O1,库存总表!$A:$E,2,0) -> A014 | C2: 产品名称： | D2: =VLOOKUP(O1,库存总表!$A:$E,3,0) -> 0 | E2: 规格型号： | F2: =VLOOKUP(O1,库存总表!$A:$E,4,0) -> 0 | K2: 43190
A4: 日期 | B4: 单号 | C4: 往来单位 | D4: 本期入库 | G4: 本期出库 | J4: 经办人 | K4: 备注
D5: 数量 | E5: 单价 | F5: 金额 | G5: 数量 | H5: 单价 | I5: 金额

Sheet 15
A1: 进销明细记录 | O1: 15
A2: 产品编码： | B2: =VLOOKUP(O1,库存总表!$A:$E,2,0) -> A015 | C2: 产品名称： | D2: =VLOOKUP(O1,库存总表!$A:$E,3,0) -> 0 | E2: 规格型号： | F2: =VLOOKUP(O1,库存总表!$A:$E,4,0) -> 0 | K2: 43190
A4: 日期 | B4: 单号 | C4: 往来单位 | D4: 本期入库 | G4: 本期出库 | J4: 经办人 | K4: 备注
D5: 数量 | E5: 单价 | F5: 金额 | G5: 数量 | H5: 单价 | I5: 金额

Sheet 16
A1: 进销明细记录 | O1: 16
A2: 产品编码： | B2: =VLOOKUP(O1,库存总表!$A:$E,2,0) -> A016 | C2: 产品名称： | D2: =VLOOKUP(O1,库存总表!$A:$E,3,0) -> 0 | E2: 规格型号： | F2: =VLOOKUP(O1,库存总表!$A:$E,4,0) -> 0 | K2: 43190
A4: 日期 | B4: 单号 | C4: 往来单位 | D4: 本期入库 | G4: 本期出库 | J4: 经办人 | K4: 备注
D5: 数量 | E5: 单价 | F5: 金额 | G5: 数量 | H5: 单价 | I5: 金额

Sheet 17
A1: 进销明细记录 | O1: 17
A2: 产品编码： | B2: =VLOOKUP(O1,库存总表!$A:$E,2,0) -> A017 | C2: 产品名称： | D2: =VLOOKUP(O1,库存总表!$A:$E,3,0) -> 0 | E2: 规格型号： | F2: =VLOOKUP(O1,库存总表!$A:$E,4,0) -> 0 | K2: 43190
A4: 日期 | B4: 单号 | C4: 往来单位 | D4: 本期入库 | G4: 本期出库 | J4: 经办人 | K4: 备注
D5: 数量 | E5: 单价 | F5: 金额 | G5: 数量 | H5: 单价 | I5: 金额

Sheet 18
A1: 进销明细记录 | O1: 18
A2: 产品编码： | B2: =VLOOKUP(O1,库存总表!$A:$E,2,0) -> A018 | C2: 产品名称： | D2: =VLOOKUP(O1,库存总表!$A:$E,3,0) -> 0 | E2: 规格型号： | F2: =VLOOKUP(O1,库存总表!$A:$E,4,0) -> 0 | K2: 43190
A4: 日期 | B4: 单号 | C4: 往来单位 | D4: 本期入库 | G4: 本期出库 | J4: 经办人 | K4: 备注
D5: 数量 | E5: 单价 | F5: 金额 | G5: 数量 | H5: 单价 | I5: 金额

Sheet 19
A1: 进销明细记录 | O1: 19
A2: 产品编码： | B2: =VLOOKUP(O1,库存总表!$A:$E,2,0) -> A019 | C2: 产品名称： | D2: =VLOOKUP(O1,库存总表!$A:$E,3,0) -> 0 | E2: 规格型号： | F2: =VLOOKUP(O1,库存总表!$A:$E,4,0) -> 0 | K2: 43190
A4: 日期 | B4: 单号 | C4: 往来单位 | D4: 本期入库 | G4: 本期出库 | J4: 经办人 | K4: 备注
D5: 数量 | E5: 单价 | F5: 金额 | G5: 数量 | H5: 单价 | I5: 金额

Sheet 20
A1: 进销明细记录 | O1: 20
A2: 产品编码： | B2: =VLOOKUP(O1,库存总表!$A:$E,2,0) -> A020 | C2: 产品名称： | D2: =VLOOKUP(O1,库存总表!$A:$E,3,0) -> 0 | E2: 规格型号： | F2: =VLOOKUP(O1,库存总表!$A:$E,4,0) -> 0 | K2: 43190
A4: 日期 | B4: 单号 | C4: 往来单位 | D4: 本期入库 | G4: 本期出库 | J4: 经办人 | K4: 备注
D5: 数量 | E5: 单价 | F5: 金额 | G5: 数量 | H5: 单价 | I5: 金额

Sheet 21
A1: 进销明细记录 | O1: 21
A2: 产品编码： | B2: =VLOOKUP(O1,库存总表!$A:$E,2,0) -> A021 | C2: 产品名称： | D2: =VLOOKUP(O1,库存总表!$A:$E,3,0) -> 0 | E2: 规格型号： | F2: =VLOOKUP(O1,库存总表!$A:$E,4,0) -> 0 | K2: 43190
A4: 日期 | B4: 单号 | C4: 往来单位 | D4: 本期入库 | G4: 本期出库 | J4: 经办人 | K4: 备注
D5: 数量 | E5: 单价 | F5: 金额 | G5: 数量 | H5: 单价 | I5: 金额

Sheet 22
A1: 进销明细记录 | O1: 22
A2: 产品编码： | B2: =VLOOKUP(O1,库存总表!$A:$E,2,0) -> 0 | C2: 产品名称： | D2: =VLOOKUP(O1,库存总表!$A:$E,3,0) -> 0 | E2: 规格型号： | F2: =VLOOKUP(O1,库存总表!$A:$E,4,0) -> 0 | K2: 43190
A4: 日期 | B4: 单号 | C4: 往来单位 | D4: 本期入库 | G4: 本期出库 | J4: 经办人 | K4: 备注
D5: 数量 | E5: 单价 | F5: 金额 | G5: 数量 | H5: 单价 | I5: 金额

Sheet 23
A1: 进销明细记录 | O1: 23
A2: 产品编码： | B2: =VLOOKUP(O1,库存总表!$A:$E,2,0) -> 0 | C2: 产品名称： | D2: =VLOOKUP(O1,库存总表!$A:$E,3,0) -> 0 | E2: 规格型号： | F2: =VLOOKUP(O1,库存总表!$A:$E,4,0) -> 0 | K2: 43190
A4: 日期 | B4: 单号 | C4: 往来单位 | D4: 本期入库 | G4: 本期出库 | J4: 经办人 | K4: 备注
D5: 数量 | E5: 单价 | F5: 金额 | G5: 数量 | H5: 单价 | I5: 金额

Sheet 24
A1: 进销明细记录 | O1: 24
A2: 产品编码： | B2: =VLOOKUP(O1,库存总表!$A:$E,2,0) -> 0 | C2: 产品名称： | D2: =VLOOKUP(O1,库存总表!$A:$E,3,0) -> 0 | E2: 规格型号： | F2: =VLOOKUP(O1,库存总表!$A:$E,4,0) -> 0 | K2: 43190
A4: 日期 | B4: 单号 | C4: 往来单位 | D4: 本期入库 | G4: 本期出库 | J4: 经办人 | K4: 备注
D5: 数量 | E5: 单价 | F5: 金额 | G5: 数量 | H5: 单价 | I5: 金额

Sheet 25
A1: 进销明细记录 | O1: 25
A2: 产品编码： | B2: =VLOOKUP(O1,库存总表!$A:$E,2,0) -> 0 | C2: 产品名称： | D2: =VLOOKUP(O1,库存总表!$A:$E,3,0) -> 0 | E2: 规格型号： | F2: =VLOOKUP(O1,库存总表!$A:$E,4,0) -> 0 | K2: 43190
A4: 日期 | B4: 单号 | C4: 往来单位 | D4: 本期入库 | G4: 本期出库 | J4: 经办人 | K4: 备注
D5: 数量 | E5: 单价 | F5: 金额 | G5: 数量 | H5: 单价 | I5: 金额

Sheet 26
A1: 进销明细记录 | O1: 26
A2: 产品编码： | B2: =VLOOKUP(O1,库存总表!$A:$E,2,0) -> 0 | C2: 产品名称： | D2: =VLOOKUP(O1,库存总表!$A:$E,3,0) -> 0 | E2: 规格型号： | F2: =VLOOKUP(O1,库存总表!$A:$E,4,0) -> 0 | K2: 43190
A4: 日期 | B4: 单号 | C4: 往来单位 | D4: 本期入库 | G4: 本期出库 | J4: 经办人 | K4: 备注
D5: 数量 | E5: 单价 | F5: 金额 | G5: 数量 | H5: 单价 | I5: 金额

Sheet 27
A1: 进销明细记录 | O1: 27
A2: 产品编码： | B2: =VLOOKUP(O1,库存总表!$A:$E,2,0) -> 0 | C2: 产品名称： | D2: =VLOOKUP(O1,库存总表!$A:$E,3,0) -> 0 | E2: 规格型号： | F2: =VLOOKUP(O1,库存总表!$A:$E,4,0) -> 0 | K2: 43190
A4: 日期 | B4: 单号 | C4: 往来单位 | D4: 本期入库 | G4: 本期出库 | J4: 经办人 | K4: 备注
D5: 数量 | E5: 单价 | F5: 金额 | G5: 数量 | H5: 单价 | I5: 金额

Sheet 28
A1: 进销明细记录 | O1: 28
A2: 产品编码： | B2: =VLOOKUP(O1,库存总表!$A:$E,2,0) -> 0 | C2: 产品名称： | D2: =VLOOKUP(O1,库存总表!$A:$E,3,0) -> 0 | E2: 规格型号： | F2: =VLOOKUP(O1,库存总表!$A:$E,4,0) -> 0 | K2: 43190
A4: 日期 | B4: 单号 | C4: 往来单位 | D4: 本期入库 | G4: 本期出库 | J4: 经办人 | K4: 备注
D5: 数量 | E5: 单价 | F5: 金额 | G5: 数量 | H5: 单价 | I5: 金额

Sheet 29
A1: 进销明细记录 | O1: 29
A2: 产品编码： | B2: =VLOOKUP(O1,库存总表!$A:$E,2,0) -> 0 | C2: 产品名称： | D2: =VLOOKUP(O1,库存总表!$A:$E,3,0) -> 0 | E2: 规格型号： | F2: =VLOOKUP(O1,库存总表!$A:$E,4,0) -> 0 | K2: 43190
A4: 日期 | B4: 单号 | C4: 往来单位 | D4: 本期入库 | G4: 本期出库 | J4: 经办人 | K4: 备注
D5: 数量 | E5: 单价 | F5: 金额 | G5: 数量 | H5: 单价 | I5: 金额

Sheet 30
A1: 进销明细记录 | O1: 30
A2: 产品编码： | B2: =VLOOKUP(O1,库存总表!$A:$E,2,0) -> 0 | C2: 产品名称： | D2: =VLOOKUP(O1,库存总表!$A:$E,3,0) -> 0 | E2: 规格型号： | F2: =VLOOKUP(O1,库存总表!$A:$E,4,0) -> 0 | K2: 43190
A4: 日期 | B4: 单号 | C4: 往来单位 | D4: 本期入库 | G4: 本期出库 | J4: 经办人 | K4: 备注
D5: 数量 | E5: 单价 | F5: 金额 | G5: 数量 | H5: 单价 | I5: 金额

Sheet 31
A1: 进销明细记录 | O1: 31
A2: 产品编码： | B2: =VLOOKUP(O1,库存总表!$A:$E,2,0) -> 0 | C2: 产品名称： | D2: =VLOOKUP(O1,库存总表!$A:$E,3,0) -> 0 | E2: 规格型号： | F2: =VLOOKUP(O1,库存总表!$A:$E,4,0) -> 0 | K2: 43190
A4: 日期 | B4: 单号 | C4: 往来单位 | D4: 本期入库 | G4: 本期出库 | J4: 经办人 | K4: 备注
D5: 数量 | E5: 单价 | F5: 金额 | G5: 数量 | H5: 单价 | I5: 金额

Sheet 32
A1: 进销明细记录 | O1: 32
A2: 产品编码： | B2: =VLOOKUP(O1,库存总表!$A:$E,2,0) -> 0 | C2: 产品名称： | D2: =VLOOKUP(O1,库存总表!$A:$E,3,0) -> 0 | E2: 规格型号： | F2: =VLOOKUP(O1,库存总表!$A:$E,4,0) -> 0 | K2: 43190
A4: 日期 | B4: 单号 | C4: 往来单位 | D4: 本期入库 | G4: 本期出库 | J4: 经办人 | K4: 备注
D5: 数量 | E5: 单价 | F5: 金额 | G5: 数量 | H5: 单价 | I5: 金额

Sheet 33
A1: 进销明细记录 | O1: 33
A2: 产品编码： | B2: =VLOOKUP(O1,库存总表!$A:$E,2,0) -> 0 | C2: 产品名称： | D2: =VLOOKUP(O1,库存总表!$A:$E,3,0) -> 0 | E2: 规格型号： | F2: =VLOOKUP(O1,库存总表!$A:$E,4,0) -> 0 | K2: 43190
A4: 日期 | B4: 单号 | C4: 往来单位 | D4: 本期入库 | G4: 本期出库 | J4: 经办人 | K4: 备注
D5: 数量 | E5: 单价 | F5: 金额 | G5: 数量 | H5: 单价 | I5: 金额

Sheet 34
A1: 进销明细记录 | O1: 34
A2: 产品编码： | B2: =VLOOKUP(O1,库存总表!$A:$E,2,0) -> 0 | C2: 产品名称： | D2: =VLOOKUP(O1,库存总表!$A:$E,3,0) -> 0 | E2: 规格型号： | F2: =VLOOKUP(O1,库存总表!$A:$E,4,0) -> 0 | K2: 43190
A4: 日期 | B4: 单号 | C4: 往来单位 | D4: 本期入库 | G4: 本期出库 | J4: 经办人 | K4: 备注
D5: 数量 | E5: 单价 | F5: 金额 | G5: 数量 | H5: 单价 | I5: 金额

Sheet 35
A1: 进销明细记录 | O1: 35
A2: 产品编码： | B2: =VLOOKUP(O1,库存总表!$A:$E,2,0) -> 0 | C2: 产品名称： | D2: =VLOOKUP(O1,库存总表!$A:$E,3,0) -> 0 | E2: 规格型号： | F2: =VLOOKUP(O1,库存总表!$A:$E,4,0) -> 0 | K2: 43190
A4: 日期 | B4: 单号 | C4: 往来单位 | D4: 本期入库 | G4: 本期出库 | J4: 经办人 | K4: 备注
D5: 数量 | E5: 单价 | F5: 金额 | G5: 数量 | H5: 单价 | I5: 金额

Sheet 36
A1: 进销明细记录 | O1: 36
A2: 产品编码： | B2: =VLOOKUP(O1,库存总表!$A:$E,2,0) -> 0 | C2: 产品名称： | D2: =VLOOKUP(O1,库存总表!$A:$E,3,0) -> 0 | E2: 规格型号： | F2: =VLOOKUP(O1,库存总表!$A:$E,4,0) -> 0 | K2: 43190
A4: 日期 | B4: 单号 | C4: 往来单位 | D4: 本期入库 | G4: 本期出库 | J4: 经办人 | K4: 备注
D5: 数量 | E5: 单价 | F5: 金额 | G5: 数量 | H5: 单价 | I5: 金额

Sheet 37
A1: 进销明细记录 | O1: 37
A2: 产品编码： | B2: =VLOOKUP(O1,库存总表!$A:$E,2,0) -> 0 | C2: 产品名称： | D2: =VLOOKUP(O1,库存总表!$A:$E,3,0) -> 0 | E2: 规格型号： | F2: =VLOOKUP(O1,库存总表!$A:$E,4,0) -> 0 | K2: 43190
A4: 日期 | B4: 单号 | C4: 往来单位 | D4: 本期入库 | G4: 本期出库 | J4: 经办人 | K4: 备注
D5: 数量 | E5: 单价 | F5: 金额 | G5: 数量 | H5: 单价 | I5: 金额

Sheet 38
A1: 进销明细记录 | O1: 38
A2: 产品编码： | B2: =VLOOKUP(O1,库存总表!$A:$E,2,0) -> 0 | C2: 产品名称： | D2: =VLOOKUP(O1,库存总表!$A:$E,3,0) -> 0 | E2: 规格型号： | F2: =VLOOKUP(O1,库存总表!$A:$E,4,0) -> 0 | K2: 43190
A4: 日期 | B4: 单号 | C4: 往来单位 | D4: 本期入库 | G4: 本期出库 | J4: 经办人 | K4: 备注
D5: 数量 | E5: 单价 | F5: 金额 | G5: 数量 | H5: 单价 | I5: 金额

Sheet 39
A1: 进销明细记录 | O1: 39
A2: 产品编码： | B2: =VLOOKUP(O1,库存总表!$A:$E,2,0) -> 0 | C2: 产品名称： | D2: =VLOOKUP(O1,库存总表!$A:$E,3,0) -> 0 | E2: 规格型号： | F2: =VLOOKUP(O1,库存总表!$A:$E,4,0) -> 0 | K2: 43190
A4: 日期 | B4: 单号 | C4: 往来单位 | D4: 本期入库 | G4: 本期出库 | J4: 经办人 | K4: 备注
D5: 数量 | E5: 单价 | F5: 金额 | G5: 数量 | H5: 单价 | I5: 金额

Sheet 40
A1: 进销明细记录 | O1: 40
A2: 产品编码： | B2: =VLOOKUP(O1,库存总表!$A:$E,2,0) -> 0 | C2: 产品名称： | D2: =VLOOKUP(O1,库存总表!$A:$E,3,0) -> 0 | E2: 规格型号： | F2: =VLOOKUP(O1,库存总表!$A:$E,4,0) -> 0 | K2: 43190
A4: 日期 | B4: 单号 | C4: 往来单位 | D4: 本期入库 | G4: 本期出库 | J4: 经办人 | K4: 备注
D5: 数量 | E5: 单价 | F5: 金额 | G5: 数量 | H5: 单价 | I5: 金额

Sheet 41
A1: 进销明细记录 | O1: 41
A2: 产品编码： | B2: =VLOOKUP(O1,库存总表!$A:$E,2,0) -> 0 | C2: 产品名称： | D2: =VLOOKUP(O1,库存总表!$A:$E,3,0) -> 0 | E2: 规格型号： | F2: =VLOOKUP(O1,库存总表!$A:$E,4,0) -> 0 | K2: 43190
A4: 日期 | B4: 单号 | C4: 往来单位 | D4: 本期入库 | G4: 本期出库 | J4: 经办人 | K4: 备注
D5: 数量 | E5: 单价 | F5: 金额 | G5: 数量 | H5: 单价 | I5: 金额

Sheet 42
A1: 进销明细记录 | O1: 42
A2: 产品编码： | B2: =VLOOKUP(O1,库存总表!$A:$E,2,0) -> 0 | C2: 产品名称： | D2: =VLOOKUP(O1,库存总表!$A:$E,3,0) -> 0 | E2: 规格型号： | F2: =VLOOKUP(O1,库存总表!$A:$E,4,0) -> 0 | K2: 43190
A4: 日期 | B4: 单号 | C4: 往来单位 | D4: 本期入库 | G4: 本期出库 | J4: 经办人 | K4: 备注
D5: 数量 | E5: 单价 | F5: 金额 | G5: 数量 | H5: 单价 | I5: 金额

Sheet 43
A1: 进销明细记录 | O1: 43
A2: 产品编码： | B2: =VLOOKUP(O1,库存总表!$A:$E,2,0) -> 0 | C2: 产品名称： | D2: =VLOOKUP(O1,库存总表!$A:$E,3,0) -> 0 | E2: 规格型号： | F2: =VLOOKUP(O1,库存总表!$A:$E,4,0) -> 0 | K2: 43190
A4: 日期 | B4: 单号 | C4: 往来单位 | D4: 本期入库 | G4: 本期出库 | J4: 经办人 | K4: 备注
D5: 数量 | E5: 单价 | F5: 金额 | G5: 数量 | H5: 单价 | I5: 金额

Sheet 44
A1: 进销明细记录 | O1: 44
A2: 产品编码： | B2: =VLOOKUP(O1,库存总表!$A:$E,2,0) -> 0 | C2: 产品名称： | D2: =VLOOKUP(O1,库存总表!$A:$E,3,0) -> 0 | E2: 规格型号： | F2: =VLOOKUP(O1,库存总表!$A:$E,4,0) -> 0 | K2: 43190
A4: 日期 | B4: 单号 | C4: 往来单位 | D4: 本期入库 | G4: 本期出库 | J4: 经办人 | K4: 备注
D5: 数量 | E5: 单价 | F5: 金额 | G5: 数量 | H5: 单价 | I5: 金额

Sheet 45
A1: 进销明细记录 | O1: 45
A2: 产品编码： | B2: =VLOOKUP(O1,库存总表!$A:$E,2,0) -> 0 | C2: 产品名称： | D2: =VLOOKUP(O1,库存总表!$A:$E,3,0) -> 0 | E2: 规格型号： | F2: =VLOOKUP(O1,库存总表!$A:$E,4,0) -> 0 | K2: 43190
A4: 日期 | B4: 单号 | C4: 往来单位 | D4: 本期入库 | G4: 本期出库 | J4: 经办人 | K4: 备注
D5: 数量 | E5: 单价 | F5: 金额 | G5: 数量 | H5: 单价 | I5: 金额

Sheet 46
A1: 进销明细记录 | O1: 46
A2: 产品编码： | B2: =VLOOKUP(O1,库存总表!$A:$E,2,0) -> 0 | C2: 产品名称： | D2: =VLOOKUP(O1,库存总表!$A:$E,3,0) -> 0 | E2: 规格型号： | F2: =VLOOKUP(O1,库存总表!$A:$E,4,0) -> 0 | K2: 43190
A4: 日期 | B4: 单号 | C4: 往来单位 | D4: 本期入库 | G4: 本期出库 | J4: 经办人 | K4: 备注
D5: 数量 | E5: 单价 | F5: 金额 | G5: 数量 | H5: 单价 | I5: 金额

Sheet 47
A1: 进销明细记录 | O1: 47
A2: 产品编码： | B2: =VLOOKUP(O1,库存总表!$A:$E,2,0) -> 0 | C2: 产品名称： | D2: =VLOOKUP(O1,库存总表!$A:$E,3,0) -> 0 | E2: 规格型号： | F2: =VLOOKUP(O1,库存总表!$A:$E,4,0) -> 0 | K2: 43190
A4: 日期 | B4: 单号 | C4: 往来单位 | D4: 本期入库 | G4: 本期出库 | J4: 经办人 | K4: 备注
D5: 数量 | E5: 单价 | F5: 金额 | G5: 数量 | H5: 单价 | I5: 金额

Sheet 48
A1: 进销明细记录 | O1: 48
A2: 产品编码： | B2: =VLOOKUP(O1,库存总表!$A:$E,2,0) -> 0 | C2: 产品名称： | D2: =VLOOKUP(O1,库存总表!$A:$E,3,0) -> 0 | E2: 规格型号： | F2: =VLOOKUP(O1,库存总表!$A:$E,4,0) -> 0 | K2: 43190
A4: 日期 | B4: 单号 | C4: 往来单位 | D4: 本期入库 | G4: 本期出库 | J4: 经办人 | K4: 备注
D5: 数量 | E5: 单价 | F5: 金额 | G5: 数量 | H5: 单价 | I5: 金额

Sheet 49
A1: 进销明细记录 | O1: 49
A2: 产品编码： | B2: =VLOOKUP(O1,库存总表!$A:$E,2,0) -> 0 | C2: 产品名称： | D2: =VLOOKUP(O1,库存总表!$A:$E,3,0) -> 0 | E2: 规格型号： | F2: =VLOOKUP(O1,库存总表!$A:$E,4,0) -> 0 | K2: 43190
A4: 日期 | B4: 单号 | C4: 往来单位 | D4: 本期入库 | G4: 本期出库 | J4: 经办人 | K4: 备注
D5: 数量 | E5: 单价 | F5: 金额 | G5: 数量 | H5: 单价 | I5: 金额

Sheet 50
A1: 进销明细记录 | O1: 50
A2: 产品编码： | B2: =VLOOKUP(O1,库存总表!$A:$E,2,0) -> 0 | C2: 产品名称： | D2: =VLOOKUP(O1,库存总表!$A:$E,3,0) -> 0 | E2: 规格型号： | F2: =VLOOKUP(O1,库存总表!$A:$E,4,0) -> 0 | K2: 43190
A4: 日期 | B4: 单号 | C4: 往来单位 | D4: 本期入库 | G4: 本期出库 | J4: 经办人 | K4: 备注
D5: 数量 | E5: 单价 | F5: 金额 | G5: 数量 | H5: 单价 | I5: 金额

Sheet 51
A1: 进销明细记录 | O1: 51
A2: 产品编码： | B2: =VLOOKUP(O1,库存总表!$A:$E,2,0) -> 0 | C2: 产品名称： | D2: =VLOOKUP(O1,库存总表!$A:$E,3,0) -> 0 | E2: 规格型号： | F2: =VLOOKUP(O1,库存总表!$A:$E,4,0) -> 0 | K2: 43190
A4: 日期 | B4: 单号 | C4: 往来单位 | D4: 本期入库 | G4: 本期出库 | J4: 经办人 | K4: 备注
D5: 数量 | E5: 单价 | F5: 金额 | G5: 数量 | H5: 单价 | I5: 金额

Sheet 52
A1: 进销明细记录 | O1: 52
A2: 产品编码： | B2: =VLOOKUP(O1,库存总表!$A:$E,2,0) -> 0 | C2: 产品名称： | D2: =VLOOKUP(O1,库存总表!$A:$E,3,0) -> 0 | E2: 规格型号： | F2: =VLOOKUP(O1,库存总表!$A:$E,4,0) -> 0 | K2: 43190
A4: 日期 | B4: 单号 | C4: 往来单位 | D4: 本期入库 | G4: 本期出库 | J4: 经办人 | K4: 备注
D5: 数量 | E5: 单价 | F5: 金额 | G5: 数量 | H5: 单价 | I5: 金额

Sheet 53
A1: 进销明细记录 | O1: 53
A2: 产品编码： | B2: =VLOOKUP(O1,库存总表!$A:$E,2,0) -> 0 | C2: 产品名称： | D2: =VLOOKUP(O1,库存总表!$A:$E,3,0) -> 0 | E2: 规格型号： | F2: =VLOOKUP(O1,库存总表!$A:$E,4,0) -> 0 | K2: 43190
A4: 日期 | B4: 单号 | C4: 往来单位 | D4: 本期入库 | G4: 本期出库 | J4: 经办人 | K4: 备注
D5: 数量 | E5: 单价 | F5: 金额 | G5: 数量 | H5: 单价 | I5: 金额

Sheet 54
A1: 进销明细记录 | O1: 54
A2: 产品编码： | B2: =VLOOKUP(O1,库存总表!$A:$E,2,0) -> 0 | C2: 产品名称： | D2: =VLOOKUP(O1,库存总表!$A:$E,3,0) -> 0 | E2: 规格型号： | F2: =VLOOKUP(O1,库存总表!$A:$E,4,0) -> 0 | K2: 43190
A4: 日期 | B4: 单号 | C4: 往来单位 | D4: 本期入库 | G4: 本期出库 | J4: 经办人 | K4: 备注
D5: 数量 | E5: 单价 | F5: 金额 | G5: 数量 | H5: 单价 | I5: 金额

Sheet 55
A1: 进销明细记录 | O1: 55
A2: 产品编码： | B2: =VLOOKUP(O1,库存总表!$A:$E,2,0) -> 0 | C2: 产品名称： | D2: =VLOOKUP(O1,库存总表!$A:$E,3,0) -> 0 | E2: 规格型号： | F2: =VLOOKUP(O1,库存总表!$A:$E,4,0) -> 0 | K2: 43190
A4: 日期 | B4: 单号 | C4: 往来单位 | D4: 本期入库 | G4: 本期出库 | J4: 经办人 | K4: 备注
D5: 数量 | E5: 单价 | F5: 金额 | G5: 数量 | H5: 单价 | I5: 金额

Sheet 56
A1: 进销明细记录 | O1: 56
A2: 产品编码： | B2: =VLOOKUP(O1,库存总表!$A:$E,2,0) -> 0 | C2: 产品名称： | D2: =VLOOKUP(O1,库存总表!$A:$E,3,0) -> 0 | E2: 规格型号： | F2: =VLOOKUP(O1,库存总表!$A:$E,4,0) -> 0 | K2: 43190
A4: 日期 | B4: 单号 | C4: 往来单位 | D4: 本期入库 | G4: 本期出库 | J4: 经办人 | K4: 备注
D5: 数量 | E5: 单价 | F5: 金额 | G5: 数量 | H5: 单价 | I5: 金额

Sheet 57
A1: 进销明细记录 | O1: 57
A2: 产品编码： | B2: =VLOOKUP(O1,库存总表!$A:$E,2,0) -> 0 | C2: 产品名称： | D2: =VLOOKUP(O1,库存总表!$A:$E,3,0) -> 0 | E2: 规格型号： | F2: =VLOOKUP(O1,库存总表!$A:$E,4,0) -> 0 | K2: 43190
A4: 日期 | B4: 单号 | C4: 往来单位 | D4: 本期入库 | G4: 本期出库 | J4: 经办人 | K4: 备注
D5: 数量 | E5: 单价 | F5: 金额 | G5: 数量 | H5: 单价 | I5: 金额

Sheet 58
A1: 进销明细记录 | O1: 58
A2: 产品编码： | B2: =VLOOKUP(O1,库存总表!$A:$E,2,0) -> 0 | C2: 产品名称： | D2: =VLOOKUP(O1,库存总表!$A:$E,3,0) -> 0 | E2: 规格型号： | F2: =VLOOKUP(O1,库存总表!$A:$E,4,0) -> 0 | K2: 43190
A4: 日期 | B4: 单号 | C4: 往来单位 | D4: 本期入库 | G4: 本期出库 | J4: 经办人 | K4: 备注
D5: 数量 | E5: 单价 | F5: 金额 | G5: 数量 | H5: 单价 | I5: 金额

Sheet 59
A1: 进销明细记录 | O1: 59
A2: 产品编码： | B2: =VLOOKUP(O1,库存总表!$A:$E,2,0) -> 0 | C2: 产品名称： | D2: =VLOOKUP(O1,库存总表!$A:$E,3,0) -> 0 | E2: 规格型号： | F2: =VLOOKUP(O1,库存总表!$A:$E,4,0) -> 0 | K2: 43190
A4: 日期 | B4: 单号 | C4: 往来单位 | D4: 本期入库 | G4: 本期出库 | J4: 经办人 | K4: 备注
D5: 数量 | E5: 单价 | F5: 金额 | G5: 数量 | H5: 单价 | I5: 金额

Sheet 60
A1: 进销明细记录 | O1: 60
A2: 产品编码： | B2: =VLOOKUP(O1,库存总表!$A:$E,2,0) -> 0 | C2: 产品名称： | D2: =VLOOKUP(O1,库存总表!$A:$E,3,0) -> 0 | E2: 规格型号： | F2: =VLOOKUP(O1,库存总表!$A:$E,4,0) -> 0 | K2: 43190
A4: 日期 | B4: 单号 | C4: 往来单位 | D4: 本期入库 | G4: 本期出库 | J4: 经办人 | K4: 备注
D5: 数量 | E5: 单价 | F5: 金额 | G5: 数量 | H5: 单价 | I5: 金额

Sheet 61
A1: 进销明细记录 | O1: 61
A2: 产品编码： | B2: =VLOOKUP(O1,库存总表!$A:$E,2,0) -> 0 | C2: 产品名称： | D2: =VLOOKUP(O1,库存总表!$A:$E,3,0) -> 0 | E2: 规格型号： | F2: =VLOOKUP(O1,库存总表!$A:$E,4,0) -> 0 | K2: 43190
A4: 日期 | B4: 单号 | C4: 往来单位 | D4: 本期入库 | G4: 本期出库 | J4: 经办人 | K4: 备注
D5: 数量 | E5: 单价 | F5: 金额 | G5: 数量 | H5: 单价 | I5: 金额

Sheet 62
A1: 进销明细记录 | O1: 62
A2: 产品编码： | B2: =VLOOKUP(O1,库存总表!$A:$E,2,0) -> 0 | C2: 产品名称： | D2: =VLOOKUP(O1,库存总表!$A:$E,3,0) -> 0 | E2: 规格型号： | F2: =VLOOKUP(O1,库存总表!$A:$E,4,0) -> 0 | K2: 43190
A4: 日期 | B4: 单号 | C4: 往来单位 | D4: 本期入库 | G4: 本期出库 | J4: 经办人 | K4: 备注
D5: 数量 | E5: 单价 | F5: 金额 | G5: 数量 | H5: 单价 | I5: 金额

Sheet 63
A1: 进销明细记录 | O1: 63
A2: 产品编码： | B2: =VLOOKUP(O1,库存总表!$A:$E,2,0) -> 0 | C2: 产品名称： | D2: =VLOOKUP(O1,库存总表!$A:$E,3,0) -> 0 | E2: 规格型号： | F2: =VLOOKUP(O1,库存总表!$A:$E,4,0) -> 0 | K2: 43190
A4: 日期 | B4: 单号 | C4: 往来单位 | D4: 本期入库 | G4: 本期出库 | J4: 经办人 | K4: 备注
D5: 数量 | E5: 单价 | F5: 金额 | G5: 数量 | H5: 单价 | I5: 金额

Sheet 64
A1: 进销明细记录 | O1: 64
A2: 产品编码： | B2: =VLOOKUP(O1,库存总表!$A:$E,2,0) -> 0 | C2: 产品名称： | D2: =VLOOKUP(O1,库存总表!$A:$E,3,0) -> 0 | E2: 规格型号： | F2: =VLOOKUP(O1,库存总表!$A:$E,4,0) -> 0 | K2: 43190
A4: 日期 | B4: 单号 | C4: 往来单位 | D4: 本期入库 | G4: 本期出库 | J4: 经办人 | K4: 备注
D5: 数量 | E5: 单价 | F5: 金额 | G5: 数量 | H5: 单价 | I5: 金额

Sheet 65
A1: 进销明细记录 | O1: 65
A2: 产品编码： | B2: =VLOOKUP(O1,库存总表!$A:$E,2,0) -> 0 | C2: 产品名称： | D2: =VLOOKUP(O1,库存总表!$A:$E,3,0) -> 0 | E2: 规格型号： | F2: =VLOOKUP(O1,库存总表!$A:$E,4,0) -> 0 | K2: 43190
A4: 日期 | B4: 单号 | C4: 往来单位 | D4: 本期入库 | G4: 本期出库 | J4: 经办人 | K4: 备注
D5: 数量 | E5: 单价 | F5: 金额 | G5: 数量 | H5: 单价 | I5: 金额

Sheet 66
A1: 进销明细记录 | O1: 66
A2: 产品编码： | B2: =VLOOKUP(O1,库存总表!$A:$E,2,0) -> 0 | C2: 产品名称： | D2: =VLOOKUP(O1,库存总表!$A:$E,3,0) -> 0 | E2: 规格型号： | F2: =VLOOKUP(O1,库存总表!$A:$E,4,0) -> 0 | K2: 43190
A4: 日期 | B4: 单号 | C4: 往来单位 | D4: 本期入库 | G4: 本期出库 | J4: 经办人 | K4: 备注
D5: 数量 | E5: 单价 | F5: 金额 | G5: 数量 | H5: 单价 | I5: 金额

Sheet 67
A1: 进销明细记录 | O1: 67
A2: 产品编码： | B2: =VLOOKUP(O1,库存总表!$A:$E,2,0) -> 0 | C2: 产品名称： | D2: =VLOOKUP(O1,库存总表!$A:$E,3,0) -> 0 | E2: 规格型号： | F2: =VLOOKUP(O1,库存总表!$A:$E,4,0) -> 0 | K2: 43190
A4: 日期 | B4: 单号 | C4: 往来单位 | D4: 本期入库 | G4: 本期出库 | J4: 经办人 | K4: 备注
D5: 数量 | E5: 单价 | F5: 金额 | G5: 数量 | H5: 单价 | I5: 金额

Sheet 68
A1: 进销明细记录 | O1: 68
A2: 产品编码： | B2: =VLOOKUP(O1,库存总表!$A:$E,2,0) -> 0 | C2: 产品名称： | D2: =VLOOKUP(O1,库存总表!$A:$E,3,0) -> 0 | E2: 规格型号： | F2: =VLOOKUP(O1,库存总表!$A:$E,4,0) -> 0 | K2: 43190
A4: 日期 | B4: 单号 | C4: 往来单位 | D4: 本期入库 | G4: 本期出库 | J4: 经办人 | K4: 备注
D5: 数量 | E5: 单价 | F5: 金额 | G5: 数量 | H5: 单价 | I5: 金额

Sheet 69
A1: 进销明细记录 | O1: 69
A2: 产品编码： | B2: =VLOOKUP(O1,库存总表!$A:$E,2,0) -> 0 | C2: 产品名称： | D2: =VLOOKUP(O1,库存总表!$A:$E,3,0) -> 0 | E2: 规格型号： | F2: =VLOOKUP(O1,库存总表!$A:$E,4,0) -> 0 | K2: 43190
A4: 日期 | B4: 单号 | C4: 往来单位 | D4: 本期入库 | G4: 本期出库 | J4: 经办人 | K4: 备注
D5: 数量 | E5: 单价 | F5: 金额 | G5: 数量 | H5: 单价 | I5: 金额

Sheet 70
A1: 进销明细记录 | O1: 70
A2: 产品编码： | B2: =VLOOKUP(O1,库存总表!$A:$E,2,0) -> 0 | C2: 产品名称： | D2: =VLOOKUP(O1,库存总表!$A:$E,3,0) -> 0 | E2: 规格型号： | F2: =VLOOKUP(O1,库存总表!$A:$E,4,0) -> 0 | K2: 43190
A4: 日期 | B4: 单号 | C4: 往来单位 | D4: 本期入库 | G4: 本期出库 | J4: 经办人 | K4: 备注
D5: 数量 | E5: 单价 | F5: 金额 | G5: 数量 | H5: 单价 | I5: 金额

Sheet 71
A1: 进销明细记录 | O1: 71
A2: 产品编码： | B2: =VLOOKUP(O1,库存总表!$A:$E,2,0) -> 0 | C2: 产品名称： | D2: =VLOOKUP(O1,库存总表!$A:$E,3,0) -> 0 | E2: 规格型号： | F2: =VLOOKUP(O1,库存总表!$A:$E,4,0) -> 0 | K2: 43190
A4: 日期 | B4: 单号 | C4: 往来单位 | D4: 本期入库 | G4: 本期出库 | J4: 经办人 | K4: 备注
D5: 数量 | E5: 单价 | F5: 金额 | G5: 数量 | H5: 单价 | I5: 金额

Sheet 72
A1: 进销明细记录 | O1: 72
A2: 产品编码： | B2: =VLOOKUP(O1,库存总表!$A:$E,2,0) -> 0 | C2: 产品名称： | D2: =VLOOKUP(O1,库存总表!$A:$E,3,0) -> 0 | E2: 规格型号： | F2: =VLOOKUP(O1,库存总表!$A:$E,4,0) -> 0 | K2: 43190
A4: 日期 | B4: 单号 | C4: 往来单位 | D4: 本期入库 | G4: 本期出库 | J4: 经办人 | K4: 备注
D5: 数量 | E5: 单价 | F5: 金额 | G5: 数量 | H5: 单价 | I5: 金额

Sheet 73
A1: 进销明细记录 | O1: 73
A2: 产品编码： | B2: =VLOOKUP(O1,库存总表!$A:$E,2,0) -> 0 | C2: 产品名称： | D2: =VLOOKUP(O1,库存总表!$A:$E,3,0) -> 0 | E2: 规格型号： | F2: =VLOOKUP(O1,库存总表!$A:$E,4,0) -> 0 | K2: 43190
A4: 日期 | B4: 单号 | C4: 往来单位 | D4: 本期入库 | G4: 本期出库 | J4: 经办人 | K4: 备注
D5: 数量 | E5: 单价 | F5: 金额 | G5: 数量 | H5: 单价 | I5: 金额

Sheet 74
A1: 进销明细记录 | O1: 74
A2: 产品编码： | B2: =VLOOKUP(O1,库存总表!$A:$E,2,0) -> 0 | C2: 产品名称： | D2: =VLOOKUP(O1,库存总表!$A:$E,3,0) -> 0 | E2: 规格型号： | F2: =VLOOKUP(O1,库存总表!$A:$E,4,0) -> 0 | K2: 43190
A4: 日期 | B4: 单号 | C4: 往来单位 | D4: 本期入库 | G4: 本期出库 | J4: 经办人 | K4: 备注
D5: 数量 | E5: 单价 | F5: 金额 | G5: 数量 | H5: 单价 | I5: 金额

Sheet 75
A1: 进销明细记录 | O1: 75
A2: 产品编码： | B2: =VLOOKUP(O1,库存总表!$A:$E,2,0) -> 0 | C2: 产品名称： | D2: =VLOOKUP(O1,库存总表!$A:$E,3,0) -> 0 | E2: 规格型号： | F2: =VLOOKUP(O1,库存总表!$A:$E,4,0) -> 0 | K2: 43190
A4: 日期 | B4: 单号 | C4: 往来单位 | D4: 本期入库 | G4: 本期出库 | J4: 经办人 | K4: 备注
D5: 数量 | E5: 单价 | F5: 金额 | G5: 数量 | H5: 单价 | I5: 金额

Sheet 76
A1: 进销明细记录 | O1: 76
A2: 产品编码： | B2: =VLOOKUP(O1,库存总表!$A:$E,2,0) -> 0 | C2: 产品名称： | D2: =VLOOKUP(O1,库存总表!$A:$E,3,0) -> 0 | E2: 规格型号： | F2: =VLOOKUP(O1,库存总表!$A:$E,4,0) -> 0 | K2: 43190
A4: 日期 | B4: 单号 | C4: 往来单位 | D4: 本期入库 | G4: 本期出库 | J4: 经办人 | K4: 备注
D5: 数量 | E5: 单价 | F5: 金额 | G5: 数量 | H5: 单价 | I5: 金额

Sheet 77
A1: 进销明细记录 | O1: 77
A2: 产品编码： | B2: =VLOOKUP(O1,库存总表!$A:$E,2,0) -> 0 | C2: 产品名称： | D2: =VLOOKUP(O1,库存总表!$A:$E,3,0) -> 0 | E2: 规格型号： | F2: =VLOOKUP(O1,库存总表!$A:$E,4,0) -> 0 | K2: 43190
A4: 日期 | B4: 单号 | C4: 往来单位 | D4: 本期入库 | G4: 本期出库 | J4: 经办人 | K4: 备注
D5: 数量 | E5: 单价 | F5: 金额 | G5: 数量 | H5: 单价 | I5: 金额

Sheet 78
A1: 进销明细记录 | O1: 78
A2: 产品编码： | B2: =VLOOKUP(O1,库存总表!$A:$E,2,0) -> 0 | C2: 产品名称： | D2: =VLOOKUP(O1,库存总表!$A:$E,3,0) -> 0 | E2: 规格型号： | F2: =VLOOKUP(O1,库存总表!$A:$E,4,0) -> 0 | K2: 43190
A4: 日期 | B4: 单号 | C4: 往来单位 | D4: 本期入库 | G4: 本期出库 | J4: 经办人 | K4: 备注
D5: 数量 | E5: 单价 | F5: 金额 | G5: 数量 | H5: 单价 | I5: 金额

Sheet 79
A1: 进销明细记录 | O1: 79
A2: 产品编码： | B2: =VLOOKUP(O1,库存总表!$A:$E,2,0) -> 0 | C2: 产品名称： | D2: =VLOOKUP(O1,库存总表!$A:$E,3,0) -> 0 | E2: 规格型号： | F2: =VLOOKUP(O1,库存总表!$A:$E,4,0) -> 0 | K2: 43190
A4: 日期 | B4: 单号 | C4: 往来单位 | D4: 本期入库 | G4: 本期出库 | J4: 经办人 | K4: 备注
D5: 数量 | E5: 单价 | F5: 金额 | G5: 数量 | H5: 单价 | I5: 金额

Sheet 80
A1: 进销明细记录 | O1: 80
A2: 产品编码： | B2: =VLOOKUP(O1,库存总表!$A:$E,2,0) -> 0 | C2: 产品名称： | D2: =VLOOKUP(O1,库存总表!$A:$E,3,0) -> 0 | E2: 规格型号： | F2: =VLOOKUP(O1,库存总表!$A:$E,4,0) -> 0 | K2: 43190
A4: 日期 | B4: 单号 | C4: 往来单位 | D4: 本期入库 | G4: 本期出库 | J4: 经办人 | K4: 备注
D5: 数量 | E5: 单价 | F5: 金额 | G5: 数量 | H5: 单价 | I5: 金额

Sheet 81
A1: 进销明细记录 | O1: 81
A2: 产品编码： | B2: =VLOOKUP(O1,库存总表!$A:$E,2,0) -> 0 | C2: 产品名称： | D2: =VLOOKUP(O1,库存总表!$A:$E,3,0) -> 0 | E2: 规格型号： | F2: =VLOOKUP(O1,库存总表!$A:$E,4,0) -> 0 | K2: 43190
A4: 日期 | B4: 单号 | C4: 往来单位 | D4: 本期入库 | G4: 本期出库 | J4: 经办人 | K4: 备注
D5: 数量 | E5: 单价 | F5: 金额 | G5: 数量 | H5: 单价 | I5: 金额

Sheet 82
A1: 进销明细记录 | O1: 82
A2: 产品编码： | B2: =VLOOKUP(O1,库存总表!$A:$E,2,0) -> 0 | C2: 产品名称： | D2: =VLOOKUP(O1,库存总表!$A:$E,3,0) -> 0 | E2: 规格型号： | F2: =VLOOKUP(O1,库存总表!$A:$E,4,0) -> 0 | K2: 43190
A4: 日期 | B4: 单号 | C4: 往来单位 | D4: 本期入库 | G4: 本期出库 | J4: 经办人 | K4: 备注
D5: 数量 | E5: 单价 | F5: 金额 | G5: 数量 | H5: 单价 | I5: 金额

Sheet 83
A1: 进销明细记录 | O1: 83
A2: 产品编码： | B2: =VLOOKUP(O1,库存总表!$A:$E,2,0) -> 0 | C2: 产品名称： | D2: =VLOOKUP(O1,库存总表!$A:$E,3,0) -> 0 | E2: 规格型号： | F2: =VLOOKUP(O1,库存总表!$A:$E,4,0) -> 0 | K2: 43190
A4: 日期 | B4: 单号 | C4: 往来单位 | D4: 本期入库 | G4: 本期出库 | J4: 经办人 | K4: 备注
D5: 数量 | E5: 单价 | F5: 金额 | G5: 数量 | H5: 单价 | I5: 金额

Sheet 84
A1: 进销明细记录 | O1: 84
A2: 产品编码： | B2: =VLOOKUP(O1,库存总表!$A:$E,2,0) -> 0 | C2: 产品名称： | D2: =VLOOKUP(O1,库存总表!$A:$E,3,0) -> 0 | E2: 规格型号： | F2: =VLOOKUP(O1,库存总表!$A:$E,4,0) -> 0 | K2: 43190
A4: 日期 | B4: 单号 | C4: 往来单位 | D4: 本期入库 | G4: 本期出库 | J4: 经办人 | K4: 备注
D5: 数量 | E5: 单价 | F5: 金额 | G5: 数量 | H5: 单价 | I5: 金额

Sheet 85
A1: 进销明细记录 | O1: 85
A2: 产品编码： | B2: =VLOOKUP(O1,库存总表!$A:$E,2,0) -> 0 | C2: 产品名称： | D2: =VLOOKUP(O1,库存总表!$A:$E,3,0) -> 0 | E2: 规格型号： | F2: =VLOOKUP(O1,库存总表!$A:$E,4,0) -> 0 | K2: 43190
A4: 日期 | B4: 单号 | C4: 往来单位 | D4: 本期入库 | G4: 本期出库 | J4: 经办人 | K4: 备注
D5: 数量 | E5: 单价 | F5: 金额 | G5: 数量 | H5: 单价 | I5: 金额

Sheet 86
A1: 进销明细记录 | O1: 86
A2: 产品编码： | B2: =VLOOKUP(O1,库存总表!$A:$E,2,0) -> 0 | C2: 产品名称： | D2: =VLOOKUP(O1,库存总表!$A:$E,3,0) -> 0 | E2: 规格型号： | F2: =VLOOKUP(O1,库存总表!$A:$E,4,0) -> 0 | K2: 43190
A4: 日期 | B4: 单号 | C4: 往来单位 | D4: 本期入库 | G4: 本期出库 | J4: 经办人 | K4: 备注
D5: 数量 | E5: 单价 | F5: 金额 | G5: 数量 | H5: 单价 | I5: 金额

Sheet 87
A1: 进销明细记录 | O1: 87
A2: 产品编码： | B2: =VLOOKUP(O1,库存总表!$A:$E,2,0) -> 0 | C2: 产品名称： | D2: =VLOOKUP(O1,库存总表!$A:$E,3,0) -> 0 | E2: 规格型号： | F2: =VLOOKUP(O1,库存总表!$A:$E,4,0) -> 0 | K2: 43190
A4: 日期 | B4: 单号 | C4: 往来单位 | D4: 本期入库 | G4: 本期出库 | J4: 经办人 | K4: 备注
D5: 数量 | E5: 单价 | F5: 金额 | G5: 数量 | H5: 单价 | I5: 金额

Sheet 88
A1: 进销明细记录 | O1: 88
A2: 产品编码： | B2: =VLOOKUP(O1,库存总表!$A:$E,2,0) -> 0 | C2: 产品名称： | D2: =VLOOKUP(O1,库存总表!$A:$E,3,0) -> 0 | E2: 规格型号： | F2: =VLOOKUP(O1,库存总表!$A:$E,4,0) -> 0 | K2: 43190
A4: 日期 | B4: 单号 | C4: 往来单位 | D4: 本期入库 | G4: 本期出库 | J4: 经办人 | K4: 备注
D5: 数量 | E5: 单价 | F5: 金额 | G5: 数量 | H5: 单价 | I5: 金额

Sheet 89
A1: 进销明细记录 | O1: 89
A2: 产品编码： | B2: =VLOOKUP(O1,库存总表!$A:$E,2,0) -> 0 | C2: 产品名称： | D2: =VLOOKUP(O1,库存总表!$A:$E,3,0) -> 0 | E2: 规格型号： | F2: =VLOOKUP(O1,库存总表!$A:$E,4,0) -> 0 | K2: 43190
A4: 日期 | B4: 单号 | C4: 往来单位 | D4: 本期入库 | G4: 本期出库 | J4: 经办人 | K4: 备注
D5: 数量 | E5: 单价 | F5: 金额 | G5: 数量 | H5: 单价 | I5: 金额

Sheet 90
A1: 进销明细记录 | O1: 90
A2: 产品编码： | B2: =VLOOKUP(O1,库存总表!$A:$E,2,0) -> 0 | C2: 产品名称： | D2: =VLOOKUP(O1,库存总表!$A:$E,3,0) -> 0 | E2: 规格型号： | F2: =VLOOKUP(O1,库存总表!$A:$E,4,0) -> 0 | K2: 43190
A4: 日期 | B4: 单号 | C4: 往来单位 | D4: 本期入库 | G4: 本期出库 | J4: 经办人 | K4: 备注
D5: 数量 | E5: 单价 | F5: 金额 | G5: 数量 | H5: 单价 | I5: 金额

Sheet 91
A1: 进销明细记录 | O1: 91
A2: 产品编码： | B2: =VLOOKUP(O1,库存总表!$A:$E,2,0) -> 0 | C2: 产品名称： | D2: =VLOOKUP(O1,库存总表!$A:$E,3,0) -> 0 | E2: 规格型号： | F2: =VLOOKUP(O1,库存总表!$A:$E,4,0) -> 0 | K2: 43190
A4: 日期 | B4: 单号 | C4: 往来单位 | D4: 本期入库 | G4: 本期出库 | J4: 经办人 | K4: 备注
D5: 数量 | E5: 单价 | F5: 金额 | G5: 数量 | H5: 单价 | I5: 金额

Sheet 92
A1: 进销明细记录 | O1: 92
A2: 产品编码： | B2: =VLOOKUP(O1,库存总表!$A:$E,2,0) -> 0 | C2: 产品名称： | D2: =VLOOKUP(O1,库存总表!$A:$E,3,0) -> 0 | E2: 规格型号： | F2: =VLOOKUP(O1,库存总表!$A:$E,4,0) -> 0 | K2: 43190
A4: 日期 | B4: 单号 | C4: 往来单位 | D4: 本期入库 | G4: 本期出库 | J4: 经办人 | K4: 备注
D5: 数量 | E5: 单价 | F5: 金额 | G5: 数量 | H5: 单价 | I5: 金额

Sheet 93
A1: 进销明细记录 | O1: 93
A2: 产品编码： | B2: =VLOOKUP(O1,库存总表!$A:$E,2,0) -> 0 | C2: 产品名称： | D2: =VLOOKUP(O1,库存总表!$A:$E,3,0) -> 0 | E2: 规格型号： | F2: =VLOOKUP(O1,库存总表!$A:$E,4,0) -> 0 | K2: 43190
A4: 日期 | B4: 单号 | C4: 往来单位 | D4: 本期入库 | G4: 本期出库 | J4: 经办人 | K4: 备注
D5: 数量 | E5: 单价 | F5: 金额 | G5: 数量 | H5: 单价 | I5: 金额

Sheet 94
A1: 进销明细记录 | O1: 94
A2: 产品编码： | B2: =VLOOKUP(O1,库存总表!$A:$E,2,0) -> 0 | C2: 产品名称： | D2: =VLOOKUP(O1,库存总表!$A:$E,3,0) -> 0 | E2: 规格型号： | F2: =VLOOKUP(O1,库存总表!$A:$E,4,0) -> 0 | K2: 43190
A4: 日期 | B4: 单号 | C4: 往来单位 | D4: 本期入库 | G4: 本期出库 | J4: 经办人 | K4: 备注
D5: 数量 | E5: 单价 | F5: 金额 | G5: 数量 | H5: 单价 | I5: 金额

Sheet 95
A1: 进销明细记录 | O1: 95
A2: 产品编码： | B2: =VLOOKUP(O1,库存总表!$A:$E,2,0) -> 0 | C2: 产品名称： | D2: =VLOOKUP(O1,库存总表!$A:$E,3,0) -> 0 | E2: 规格型号： | F2: =VLOOKUP(O1,库存总表!$A:$E,4,0) -> 0 | K2: 43190
A4: 日期 | B4: 单号 | C4: 往来单位 | D4: 本期入库 | G4: 本期出库 | J4: 经办人 | K4: 备注
D5: 数量 | E5: 单价 | F5: 金额 | G5: 数量 | H5: 单价 | I5: 金额

Sheet 96
A1: 进销明细记录 | O1: 96
A2: 产品编码： | B2: =VLOOKUP(O1,库存总表!$A:$E,2,0) -> 0 | C2: 产品名称： | D2: =VLOOKUP(O1,库存总表!$A:$E,3,0) -> 0 | E2: 规格型号： | F2: =VLOOKUP(O1,库存总表!$A:$E,4,0) -> 0 | K2: 43190
A4: 日期 | B4: 单号 | C4: 往来单位 | D4: 本期入库 | G4: 本期出库 | J4: 经办人 | K4: 备注
D5: 数量 | E5: 单价 | F5: 金额 | G5: 数量 | H5: 单价 | I5: 金额

Sheet 97
A1: 进销明细记录 | O1: 97
A2: 产品编码： | B2: =VLOOKUP(O1,库存总表!$A:$E,2,0) -> 0 | C2: 产品名称： | D2: =VLOOKUP(O1,库存总表!$A:$E,3,0) -> 0 | E2: 规格型号： | F2: =VLOOKUP(O1,库存总表!$A:$E,4,0) -> 0 | K2: 43190
A4: 日期 | B4: 单号 | C4: 往来单位 | D4: 本期入库 | G4: 本期出库 | J4: 经办人 | K4: 备注
D5: 数量 | E5: 单价 | F5: 金额 | G5: 数量 | H5: 单价 | I5: 金额

Sheet 98
A1: 进销明细记录 | O1: 98
A2: 产品编码： | B2: =VLOOKUP(O1,库存总表!$A:$E,2,0) -> 0 | C2: 产品名称： | D2: =VLOOKUP(O1,库存总表!$A:$E,3,0) -> 0 | E2: 规格型号： | F2: =VLOOKUP(O1,库存总表!$A:$E,4,0) -> 0 | K2: 43190
A4: 日期 | B4: 单号 | C4: 往来单位 | D4: 本期入库 | G4: 本期出库 | J4: 经办人 | K4: 备注
D5: 数量 | E5: 单价 | F5: 金额 | G5: 数量 | H5: 单价 | I5: 金额

Sheet 99
A1: 进销明细记录 | O1: 99
A2: 产品编码： | B2: =VLOOKUP(O1,库存总表!$A:$E,2,0) -> 0 | C2: 产品名称： | D2: =VLOOKUP(O1,库存总表!$A:$E,3,0) -> 0 | E2: 规格型号： | F2: =VLOOKUP(O1,库存总表!$A:$E,4,0) -> 0 | K2: 43190
A4: 日期 | B4: 单号 | C4: 往来单位 | D4: 本期入库 | G4: 本期出库 | J4: 经办人 | K4: 备注
D5: 数量 | E5: 单价 | F5: 金额 | G5: 数量 | H5: 单价 | I5: 金额

Sheet 100
A1: 进销明细记录 | O1: 100
A2: 产品编码： | B2: =VLOOKUP(O1,库存总表!$A:$E,2,0) -> 0 | C2: 产品名称： | D2: =VLOOKUP(O1,库存总表!$A:$E,3,0) -> 0 | E2: 规格型号： | F2: =VLOOKUP(O1,库存总表!$A:$E,4,0) -> 0 | K2: 43190
A4: 日期 | B4: 单号 | C4: 往来单位 | D4: 本期入库 | G4: 本期出库 | J4: 经办人 | K4: 备注
D5: 数量 | E5: 单价 | F5: 金额 | G5: 数量 | H5: 单价 | I5: 金额
